 Dungeon Crawl Stone Soup version 0.31.0-12-g77e489cdc1 (webtiles) character file.

Game seed: 6451586983070083511

541 spaghetti the Fighter (level 7, -3/80 HPs)
             Began as an Oni Fighter on Feb 25, 2024.
             Slain by Pikel
             ... wielding a +0 whip of electrocution
              (20 damage)
             ... on level 4 of the Dungeon.
             The game lasted 00:04:04 (2853 turns).

spaghetti the Fighter (Oni Fighter)                 Turns: 2853, Time: 00:04:06

Health: -3/80      AC:  5    Str: 20 (23) XL:     7   Next: 26%
Magic:  7/7        EV:  8    Int:  9      God:
Gold:   189        SH:  7    Dex:  8      Spells: 6/6 levels left

rFire   . .          .
                       - Unarmed
rCold   . . .        b - +0 kite shield
rNeg    . . .        a - +0 robe
rPois   +            (helmet restricted)
rElec   .            f - +1 cloak
rCorr   .            (gloves unavailable)
SInv    .            (boots unavailable)
Will    .....        e - amulet of regeneration
Stlth   +            g - ring of poison resistance
HPRegen 1.13/turn    (no ring)
MPRegen 0.10/turn

%: no passive effects
@: no status effects
A: large, unfitting armour, horns 1, tough skin 1, double potion healing,
drunken brawling
a: no special abilities


You were on level 4 of the Dungeon.
You visited 1 branch of the dungeon, and saw 4 of its levels.

You collected 189 gold pieces.

Inventory:

Missiles
 j - a boomerang
 k - 22 stones
Armour
 a - a +0 robe (worn)
 b - a +0 kite shield (worn)
 f - a +1 cloak (worn)
Jewellery
 e - an amulet of regeneration (around neck)
 g - a ring of poison resistance (left hand)
 p - a ring of flight
Scrolls
 h - a scroll of enchant weapon
 i - 2 scrolls of enchant armour
 l - a scroll of brand weapon
 m - a scroll of vulnerability
 t - a scroll of noise {unknown}


   Skills:
 + Level 8.0 Fighting
 - Level 2.6 Dodging
 - Level 2.6 Shields
 + Level 5.1 Unarmed Combat


You had 6 spell levels left.
You didn't know any spells.
Your spell library contained the following spells:

 Spells                   Type           Power      Damage    Failure   Level
 Magic Dart               Conj           0%         1d3       71%         1
 Blink                    Tloc           0%         N/A       83%         2
 Call Imp                 Summ           0%         N/A       83%         2
 Lesser Beckoning         Tloc           0%         N/A       83%         2
 Gell's Gravitas          Tloc           0%         N/A       97%         3
 Teleport Other           Tloc           0%         N/A       97%         3


Dungeon Overview and Level Annotations

Branches:
Dungeon (4/15)
 Temple: D:4-7

Altars:
Cheibriados
Ru

Annotations:
D:4 Pikel


Innate Abilities, Weirdness & Mutations

You are too large for most types of armour.
You have a pair of small horns on your head.
You have tough skin. (AC +1)
You gain doubled healing and magic from potions.
Whenever you drink a healing potion, you attack all around you.


Message History

Pikel is severely wounded.
Pikel closely misses you.
You hit Pikel.
Pikel is severely wounded.
Pikel hits you with a +0 whip of electrocution.
You hit Pikel.
Pikel is severely wounded.
Pikel hits you with a +0 whip of electrocution.
You miss Pikel. You headbutt Pikel, but do no damage.
Pikel is severely wounded.
Pikel hits you with a +0 whip of electrocution.
* * * LOW HITPOINT WARNING * * *
You hit Pikel but do no damage. You headbutt Pikel, but do no damage.
Pikel is severely wounded.
Pikel closely misses you.
Okay, then.
You aren't carrying any items that you can evoke.
You aren't carrying any potions.
Okay, then.
You closely miss Pikel. Your headbutt misses Pikel.
Pikel is severely wounded.
You block Pikel's attack.
You closely miss Pikel. Your headbutt misses Pikel.
Pikel is severely wounded.
Pikel hits you with a +0 whip of electrocution.
You closely miss Pikel.
Pikel is severely wounded.
Pikel hits you with a +0 whip of electrocution!
* * * LOW HITPOINT WARNING * * *
Your movement speed is average.
Your attack delay is about 1.0 (and is slowed by your shield).
Your damage rating with unarmed combat is about 11 (Base [3 + 5 (UC)] x 125% (Str) x 113% (Fight)).
Your base attributes are Str 23, Int 9, Dex 8.
You completely miss Pikel. Your headbutt misses Pikel.
Pikel is severely wounded.
Pikel hits you with a +0 whip of electrocution.
* * * LOW HITPOINT WARNING * * *
You are electrocuted!!
You die...
Pikel says, "See you in Hell!"

#.........#
#.......#
#.........#
#########
#...[.....#
#.........#
######'##.#
#°..#...
#..°#####
#.#.....#°#
#.@°......#
###K#.....#
#55g.###.#
..5.°.# #
###.#.°..
.. .####
### °○ .#
##


You could see Pikel, a lemure and a goblin.

Vanquished Creatures
  Eustachio (D:4)
  Menkaure (D:4)
  A lemure (D:4)
  A phantom (D:4)
  A bombardier beetle (D:4)
  An iguana (D:4)
  4 gnolls (D:2)
  3 adders
  4 dart slugs
  2 ribbon worms (D:2)
  An orc (D:3)
  6 ball pythons
  5 bats
  3 endoplasms
  2 giant cockroaches
  12 goblins
  7 hobgoblins
  2 quokkas (D:1)
  2 frilled lizards
  9 kobolds
  9 rats
77 creatures vanquished.

Notes
Turn   | Place    | Note
-------+----------+-------------------------------------------
     0 | D:1      | spaghetti the Oni Fighter began the quest for the Orb.
     0 | D:1      | Reached XP level 1. HP: 24/24 MP: 1/1
   129 | D:1      | Reached XP level 2. HP: 32/33 MP: 2/2
   721 | D:2      | Reached XP level 3. HP: 41/41 MP: 3/3
   777 | D:2      | Found a snail-covered altar of Cheibriados.
   851 | D:2      | Reached skill level 5 in Fighting
  1025 | D:2      | Reached XP level 4. HP: 50/50 MP: 4/4
  1755 | D:3      | Found a faded altar of an unknown god.
  1995 | D:3      | Reached XP level 5. HP: 59/59 MP: 5/5
  2002 | D:3      | Reached skill level 6 in Fighting
  2491 | D:4      | Found a sacrificial altar of Ru.
  2495 | D:4      | Noticed Menkaure
  2512 | D:4      | Noticed Eustachio
  2529 | D:4      | Killed Menkaure
  2530 | D:4      | Reached XP level 6. HP: 8/68 MP: 6/6
  2552 | D:4      | Reached skill level 7 in Fighting
  2586 | D:4      | Killed Eustachio
  2686 | D:4      | Reached skill level 5 in Unarmed Combat
  2686 | D:4      | Reached XP level 7. HP: 76/79 MP: 7/7
  2731 | D:4      | Reached skill level 8 in Fighting
  2825 | D:4      | Noticed Pikel
  2853 | D:4      | Slain by Pikel

Illustrated notes

Levels and vault maps discovered:
D:1:      saegor_arrival_simple_d, layout_basic, corexii_corridor_pit,
          chequers_hall_statues_corner_a
D:2:      layout_basic, basic_altar
D:3:      layout_basic, shapermc_ecumenical_altar_mp_vishouse,
          minmay_fountain_box
D:4:      dreamdust_elfheim, layout_basic, amcnicky_altar_gilded,
          gammafunk_temple_overflow_statue, uniq_duvessa, uniq_pikel,
          uniq_menkaure, uniq_eustachio

Skill      XL: |  1  2  3  4  5  6  7 |
---------------+----------------------+-----
Unarmed Combat | 2 3 4 5 |  5.1
Fighting       | 5 6 7 8 |  8.0
Dodging        | |  2.6
Shields        | |  2.6

Action                     |  1- 3 |  4- 6 |  7- 9 || total
---------------------------+-------+-------+-------++-------
  Melee: Unarmed           |   117 |   161 |    46 ||   324
         Headbutt          |    14 |    18 |     4 ||    36
  Throw: Boomerang         |     5 |       |       ||     5
    Use: Scroll            |     1 |     5 |     1 ||     7
         Potion            |       |     6 |     1 ||     7
 Armour: Robe              |    61 |   110 |    35 ||   206
  Dodge: Dodged            |    31 |    52 |    16 ||    99
  Block: Kite shield       |    41 |    67 |     9 ||   117
